 Dungeon Crawl Stone Soup version 0.30.1-11-g7821555f0a (webtiles) character file.

Game seed: 9888026005729127953

23200 fireball365 the Basher (level 13, -1/115 HPs)
             Began as a Hill Orc Fighter on Dec 1, 2023.
             Was an Initiate of Gozag.
             Slain by a slime creature (8 damage)
             ... on level 12 of the Dungeon.
             The game lasted 00:32:23 (15158 turns).

fireball365 the Basher (Hill Orc Fighter)          Turns: 15158, Time: 00:32:23

Health: -1/115     AC: 25    Str: 27    XL:     13   Next: 5%
Magic:  0/13       EV:  7    Int:  6    God:    Gozag
Gold:   2236       SH:  6    Dex: 14    Spells: 12/12 levels left

rFire   . . .        M - +11 mace "Zenlem" {flame, rC+ rN+ Str+3 SInv}
rCold   + . .        c - +0 buckler
rNeg    + . .        s - +0 plate armour of Gallantry {rElec Dex+4}
rPois   .            w - +2 hat
rElec   +            (no cloak)
rCorr   .            j - +1 pair of gloves
SInv    +            r - +0 pair of boots
Will    .....        Q - amulet of guardian spirit Stlth
                     i - +5 ring of evasion
HPRegen 0.39/turn    t - +4 ring of protection
MPRegen 0.13/turn

%: guardian spirit
@: about to teleport, petrifying, grasped by roots, constricted, very slow
A: dopey 1, wild magic 1
a: Renounce Religion, Potion Petition, Call Merchant, Bribe Branch


You were on level 12 of the Dungeon.
You worshipped Gozag.
Gozag was most pleased with you.
You visited 2 branches of the dungeon, and saw 13 of its levels.
You also visited: Bailey.

You collected 2530 gold pieces.
You spent 168 gold pieces at shops.
You paid 126 gold pieces to Gozag.

Inventory:

Hand Weapons
 a - a +0 war axe
 M - the +11 mace "Zenlem" (weapon) {flame, rC+ rN+ Str+3 SInv}
   (You found it on level 6 of the Dungeon)

   Str:       It affects your strength (+3).
   rC:        It protects you from cold.
   rN:        It protects you from negative energy.
   SInv:      It lets you see invisible.
 P - a +1 heavy glaive
Missiles
 O - 3 throwing nets
Armour
 c - a +0 buckler (worn)
 j - a +1 pair of gloves (worn)
 r - a +0 pair of boots (worn)
 s - the +0 plate armour of Gallantry (worn) {rElec Dex+4}
   (You found it in a bailey)

   Dex:       It affects your dexterity (+4).
   rElec:     It insulates you from electricity.
 w - a +2 hat (worn)
 y - the +1 scale mail "Ogociore" {Dex+3}
   (You found it in a bailey)

   Dex:       It affects your dexterity (+3).
 J - +2 acid dragon scales
Jewellery
 g - a ring of protection from fire
 i - a +5 ring of evasion (left hand)
 t - a +4 ring of protection (right hand)
 A - the ring of Xom's Recklessness {rF- rC+ Str+4 Slay+4 Stlth-}
   (You took it off an orc on level 5 of the Dungeon)

   [ring of slaying]

   Str:       It affects your strength (+4).
   Slay:      It affects your accuracy & damage with ranged weapons and melee
   (+4).
   rF:        It makes you vulnerable to fire.
   rC:        It protects you from cold.
   Stlth:     It makes you less stealthy.
 G - an amulet of the acrobat
 H - a ring of protection from fire
 Q - an amulet of guardian spirit (around neck)
Wands
 e - a wand of charming (13)
 D - a wand of quicksilver (6)
 I - a wand of flame (41)
 S - a wand of mindburst (5)
 T - a wand of polymorph (2)
Scrolls
 h - 2 scrolls of blinking
 q - 3 scrolls of poison
 u - a scroll of fog
 v - a scroll of vulnerability
 B - 2 scrolls of magic mapping
 F - a scroll of enchant armour
 L - a scroll of immolation
 R - a scroll of teleportation
Potions
 d - 7 potions of might
 f - a potion of flight
 k - a potion of berserk rage
 l - 6 potions of haste
 m - 5 potions of lignification
 n - a potion of ambrosia
 o - 4 potions of curing
 p - 2 potions of brilliance
 x - a potion of cancellation
 z - a potion of mutation
 C - 2 potions of attraction
 E - a potion of magic
 K - 2 potions of degeneration
 N - a potion of invisibility {unknown}


   Skills:
 + Level 10.8 Fighting
 + Level 12.4(16.4) Axes
 + Level 14.8(16.1) Maces & Flails
 + Level 11.4 Armour
 + Level 3.3 Dodging
 + Level 2.5 Stealth
 + Level 10.0 Shields
 + Level 1.7 Unarmed Combat
 + Level 0.8 Evocations


You had 12 spell levels left.
You didn't know any spells.
Your spell library contained the following spells:

 Spells                   Type           Power      Damage    Failure   Level
 Magic Dart               Conj           0%         1d3       99%         1
 Call Imp                 Summ           0%         N/A       100%        2
 Ensorcelled Hibernation  Hex/Ice        0%         N/A       100%        2
 Passwall                 Tmut/Erth      0%         N/A       100%        2
 Mephitic Cloud           Conj/Pois/Air  0%         N/A       100%        3
 Swiftness                Air            0%         N/A       100%        3
 Vhi's Electric Charge    Tloc/Air       0%         N/A       100%        3
 Passage of Golubria      Tloc           0%         N/A       100%        4
 Arcjolt                  Conj/Air       0%         1d10      100%        5
 Silence                  Hex/Air        0%         N/A       100%        5
 Lehudib's Crystal Spear  Conj/Erth      0%         10d2      100%        8
 Maxwell's Capacitive Co  Air            0%         ∞         100%        8


Dungeon Overview and Level Annotations

Branches:
Dungeon (12/15)            Temple (1/1) D:5            Lair (0/5) D:10
    Orc (0/2) D:9          Bailey (visited)

Altars:
Ashenzari
Cheibriados
Dithmenos
Elyvilon
Fedhas
Gozag
Hepliaklqana
Kikubaaqudgha
Makhleb
Nemelex Xobeh
Okawaru
Qazlal
Ru
Sif Muna
Trog
Uskayaw
Vehumet
Wu Jian
Xom
Yredelemnul
Zin
The Shining One

Shops:
D:1 *   D:5 [

Annotations:
D:12 Jorgrun


Innate Abilities, Weirdness & Mutations

You are dopey. (Int -2)
Your spells are a little harder to cast, but a little more powerful.


Message History

The slime creature barely misses you.
The slime creature hits you but does no damage.
Jorgrun hits you but does no damage. The grasping roots constrict you!
* * * LOW HITPOINT WARNING * * *
The yak barely misses you.
The slime creature hits you but does no damage.
You thump the yak! You burn the yak.
The yak is moderately wounded.
The slime creature hits you but does no damage. x2
The slime creature barely misses you.
A yak comes into view.
The yak completely misses you. Jorgrun casts a spell at you.
You are slowing down.
The grasping roots constrict you.
* * * LOW HITPOINT WARNING * * *
The yak bellows!
You hit the yak but do no damage.
The yak is moderately wounded.
The slime creature hits you.
* * * LOW HITPOINT WARNING * * *
The slime creature hits you.
* * * LOW HITPOINT WARNING * * *
The slime creature hits you but does no damage. x2
You block the yak's attack.
Jorgrun says, "May tha earth consume ye!"
Jorgrun barely misses you. The grasping roots constrict you!
* * * LOW HITPOINT WARNING * * *
Your limbs are stiffening.
Blink to where?
Press: ? - help, Q - select action, (/) - cycle Dir - move target, p - Jorgrun The roots grasp on you weakens, but your attempt to escape fails.
As you read the scroll of blinking, it crumbles to dust.
The slime creature hits you but does no damage.
The slime creature hits you!
* * * LOW HITPOINT WARNING * * *
The slime creature hits you but does no damage.
The slime creature hits you!
You die...
Your body crumbles into a pile of gold.

..#..........#
............########
...................##
....................#
...........#.......##
...........#.......##
.............##.$...#
............<#.JJ..##
.......##......J@g.#
.#....###......YJY##
#........# #......Y..
$ ..........#
.........## $
...#.##Y.. ..### #...


You could see Jorgrun, 4 slime creatures and 4 yaks.

Vanquished Creatures
  Gastronok (D:11)
  Snorg (D:10)
  Harold (D:9)
  Josephine (D:11)
  Fannar (D:10)
  A boulder beetle (D:12)
  5 two-headed ogres
  Nergalle (D:10)
  A sixfirhy (D:12)
  A deep elf pyromancer (D:10)
  A manticore (D:12)
  5 gargoyles
  Psyche (D:11)
  A rime drake (D:10)
  Maggie (D:6)
  A kobold demonologist (D:11)
  A troll (D:12)
  3 ice devils
  2 hornets
  Prince Ribbit (D:5)
  A slime creature (D:12)
  4 wraiths
  The ghost of Okkudo the Chopper, an amateur HOMo (D:4)
  2 vampires
  12 yaks
  A basilisk (D:10)
  3 wyverns
  6 steam dragons
  Grum (D:9)
  5 vampire mosquitoes (D:11)
  Menkaure (D:7)
  A water moccasin (D:7)
  An acid dragon (D:10)
  3 orc warriors
  A black bear (D:5)
  An ogre (D:5)
  3 wolves (D:9)
  5 centaurs
  A phantom (D:6)
  2 kobold brigands
  3 bullfrogs
  3 gnoll sergeants
  2 scorpions
  13 wights
  9 killer bees
  An electric eel (D:8)
  6 howler monkeys
  5 wolf zombies (Bailey)
  6 vampire bats (Bailey)
  6 hounds
  3 jellies
  5 orc priests
  7 iguanas
  Terence (D:3)
  4 orc wizards
  27 gnolls
  4 adders
  A shadow imp (D:6)
  3 white imps
  3 ufetubi
  2 worms
  5 dart slugs
  34 orcs
  7 endoplasms
  5 giant cockroaches
  12 goblins
  7 hobgoblins
  14 jackals
  2 quokkas
  6 ball pythons
  4 bats
  2 frilled lizards (D:3)
  31 kobolds
  20 orc zombies (Bailey)
  9 rats
358 creatures vanquished.

Vanquished Creatures (collateral kills)
  A killer bee (D:5)
1 creature vanquished.

Vanquished Creatures (others)
  A killer bee (D:5)
1 creature vanquished.

Grand Total: 360 creatures vanquished

Notes
Turn   | Place    | Note
-------+----------+-------------------------------------------
     0 | D:1      | fireball365 the Hill Orc Fighter began the quest for the
                  | Orb.
     0 | D:1      | Reached XP level 1. HP: 19/19 MP: 1/1
   100 | D:1      | Reached XP level 2. HP: 27/27 MP: 2/2
   304 | D:1      | Reached XP level 3. HP: 33/33 MP: 3/3
   529 | D:1      | Found Daivagg's Assorted Antiques.
  1340 | D:2      | Reached XP level 4. HP: 40/40 MP: 4/4
  1423 | D:2      | Found a glowing golden altar of the Shining One.
  2545 | D:3      | Reached XP level 5. HP: 41/46 MP: 5/5
  2611 | D:3      | Reached skill level 1 in Dodging
  2615 | D:3      | Reached skill level 5 in Axes
  2782 | D:3      | Noticed Terence
  2783 | D:3      | Reached XP level 6. HP: 46/53 MP: 6/6
  2792 | D:3      | Killed Terence
  3378 | D:4      | Noticed Okkudo's ghost (amateur HOMo)
  3544 | D:1      | Bought a scroll of poison for 96 gold pieces
  3544 | D:1      | Bought a scroll of identify for 48 gold pieces
  3544 | D:1      | Bought a scroll labelled EPLYTU MAMENYBB for 24 gold pieces
  3792 | D:4      | Found a transporter.
  3796 | D:4      | Found a transporter.
  4282 | D:4      | Reached skill level 5 in Armour
  4426 | D:4      | Reached XP level 7. HP: 49/60 MP: 7/7
  4790 | D:5      | Entered Level 5 of the Dungeon
  4933 | D:5      | Reached skill level 5 in Fighting
  5166 | D:5      | Found a staircase to the Ecumenical Temple.
  5177 | Temple   | Entered the Ecumenical Temple
  5487 | Temple   | Became a worshipper of Gozag Ym Sagoz the Greedy
  5533 | D:5      | Identified the ring of Xom's Recklessness {rF- rC+ Str+4
                  | Slay+4 Stlth-}
  5843 | D:5      | Noticed Prince Ribbit
  5862 | D:5      | Reached XP level 8. HP: 27/68 MP: 8/8
  6153 | D:5      | Killed Prince Ribbit
  6230 | D:5      | Found Plog's Armour Emporium.
  6346 | D:5      | Reached skill level 10 in Axes
  6549 | D:5      | Reached skill level 5 in Shields
  6649 | D:5      | Reached XP level 9. HP: 75/75 MP: 9/9
  7164 | D:6      | Noticed Maggie
  7178 | D:6      | Killed Maggie
  7659 | D:6      | Identified the +11 mace "Zenlem" {flame, rC+ rN+ Str+3
                  | SInv}
  7778 | D:6      | Found a basalt altar of Yredelemnul.
  7908 | D:6      | Found a white marble altar of Elyvilon.
  8298 | D:6      | Gained mutation: You are dopey. (Int -2) [potion of
                  | mutation]
  8298 | D:6      | Gained mutation: Your spells are a little harder to cast,
                  | but a little more powerful. [potion of mutation]
  8331 | D:6      | Identified a scroll of acquirement
  8331 | D:6      | Acquired a manual of Maces & Flails
  8417 | D:7      | Noticed a hornet
  8425 | D:7      | Killed a hornet
  8426 | D:7      | Reached skill level 1 in Maces & Flails
  8439 | D:7      | Noticed Menkaure
  8456 | D:7      | Killed Menkaure
  8498 | D:7      | Reached XP level 10. HP: 36/86 MP: 10/10
  8778 | D:7      | Found a flagged portal.
  8802 | Bailey   | Entered a bailey
  8892 | Bailey   | Noticed a gargoyle
  8901 | Bailey   | Killed a gargoyle
  8902 | Bailey   | Reached skill level 3 in Maces & Flails
  8981 | Bailey   | Identified the +0 plate armour of Gallantry {rElec Dex+4}
  8991 | Bailey   | Identified the +1 scale mail "Ogociore" {Dex+3}
  9054 | Bailey   | Reached skill level 4 in Maces & Flails
  9081 | Bailey   | Identified the +8 scimitar of Neurosis {freeze, rF+ rN+
                  | MP-9}
  9277 | Bailey   | Reached skill level 5 in Maces & Flails
  9450 | D:7      | Identified the +1 leather armour of Huqe {Dex+2 Stlth+}
 10153 | D:8      | Reached skill level 6 in Maces & Flails
 10271 | D:8      | Reached skill level 1 in Stealth
 10278 | D:8      | Reached skill level 7 in Maces & Flails
 10300 | D:8      | Reached skill level 8 in Maces & Flails
 10532 | D:8      | Found a glowing silver altar of Zin.
 11019 | D:9      | Noticed a two-headed ogre
 11028 | D:9      | Killed a two-headed ogre
 11029 | D:9      | Reached skill level 9 in Maces & Flails
 11029 | D:9      | Reached XP level 11. HP: 94/95 MP: 11/11
 11072 | D:9      | Noticed a two-headed ogre
 11080 | D:9      | Killed a two-headed ogre
 11247 | D:9      | Found a broken altar of Ashenzari.
 11294 | D:9      | Found a staircase to the Orcish Mines.
 11302 | D:9      | Noticed Grum
 11313 | D:9      | Noticed Harold
 11315 | D:9      | Reached skill level 10 in Maces & Flails
 11317 | D:9      | Noticed a two-headed ogre
 11341 | D:9      | Killed Harold
 11347 | D:9      | Killed a two-headed ogre
 11353 | D:9      | Killed Grum
 11363 | D:9      | Reached skill level 11 in Maces & Flails
 11612 | D:9      | Found a stormy altar of Qazlal.
 11806 | D:9      | Found a shimmering blue altar of Sif Muna.
 11852 | D:9      | Found a sacrificial altar of Ru.
 11985 | D:10     | Entered Level 10 of the Dungeon
 12122 | D:10     | Noticed Snorg
 12129 | D:10     | Killed Snorg
 12236 | D:10     | Noticed a two-headed ogre
 12249 | D:10     | Killed a two-headed ogre
 12764 | D:4      | Killed Okkudo's ghost
 12765 | D:4      | Reached skill level 12 in Maces & Flails
 13156 | D:10     | Noticed Nergalle
 13170 | D:10     | Killed Nergalle
 13342 | D:10     | Found a staircase to the Lair.
 13437 | D:10     | Noticed a deep elf pyromancer
 13443 | D:10     | Killed a deep elf pyromancer
 13444 | D:10     | Reached XP level 12. HP: 103/106 MP: 12/12
 13456 | D:10     | Reached skill level 13 in Maces & Flails
 13555 | D:10     | Reached skill level 10 in Armour
 13741 | D:10     | Noticed Fannar
 13760 | D:10     | Killed Fannar
 14136 | D:11     | Noticed Josephine
 14145 | D:11     | Reached skill level 14 in Maces & Flails
 14151 | D:11     | Killed Josephine
 14152 | D:11     | Reached skill level 10 in Fighting
 14282 | D:11     | Noticed a two-headed ogre
 14291 | D:11     | Killed a two-headed ogre
 14670 | D:11     | Noticed Psyche
 14676 | D:11     | Killed Psyche
 14742 | D:11     | Noticed Gastronok
 14766 | D:11     | Killed Gastronok
 14858 | D:11     | Found a glowing silver altar of Zin.
 14887 | D:11     | Reached skill level 1 in Unarmed Combat
 15013 | D:12     | Noticed a boulder beetle
 15028 | D:12     | Killed a boulder beetle
 15070 | D:12     | Reached XP level 13. HP: 98/114 MP: 10/13
 15076 | D:12     | Reached skill level 10 in Shields
 15142 | D:12     | Noticed Jorgrun
 15158 | D:12     | Slain by a slime creature

Illustrated notes

Levels and vault maps discovered:
D:1:      psy_arrival_basics, layout_basic, serial_shops, shop,
          minmay_octomino_j4
D:2:      layout_basic, serial_co_window_serial, co_window_corner_a,
          co_window_paths_b, co_window_paths_a, co_window_paths_b,
          co_window_corner_a, co_window_of_opportunity_a, co_window_corner_a,
          co_window_paths_a, co_window_corner_a, co_window_corner_cb,
          co_window_broadway_a, co_window_corner_b, co_window_of_opportunity_b,
          co_window_corner_ca, co_window_of_opportunity_b, co_window_corner_b,
          glass_columns_a, basic_altar
D:3:      layout_basic, hangedman_decor_slide_cut, grunt_ministairs_8,
          minmay_starry_boxes, uniq_terence
D:4:      cheibrodos_pilgrimage, layout_basic, gammafunk_ghost_arena,
          serial_corexii_hall, corexii_hall_statues_i,
          chequers_hall_statues_wall_a, roderic_serpentine_path
D:5:      wad_river_or_something, layout_loops_corners,
          minmay_temple_entry_glass, serial_shops,
          nicolae_shop_pleasant_corner_grove, grunt_ministairs_15,
          uniq_prince_ribbit1
D:6:      kennysheep_kobold_camp, layout_basic, kennysheep_ying_yang,
          uniq_maggie
D:7:      layout_loops_cross, enter_ossuary_2, enter_bailey_4,
          corexii_corridor_pit, minmay_fountain_box, uniq_menkaure
D:8:      layout_basic, kennysheep_mini_moat, chequers_decorated_corner,
          kennysheep_decorative_pillar
D:9:      layout_rooms, nicolae_qazlal_eye_of_the_storm,
          mainiacjoe_overflow_small_starburst,
          mainiacjoe_overflow_catch_the_wave, minmay_door_square, uniq_harold,
          uniq_grum
D:10:     layout_roguey, lair_entry_dummy, dilly_guarded_unrand_elemental_staff,
          uniq_nergalle, uniq_fannar, uniq_snorg
D:11:     layout_basic, zin_statuary, uniq_josephine, uniq_psyche,
          uniq_gastronok
D:12:     layout_cave_pools, serial_demonic, serial_demonic_d, serial_demonic_g,
          serial_demonic_g, serial_demonic_f, minmay_fractal_squares_5,
          uniq_urug, uniq_jorgrun
Temple:   regret_index_temple_waves

Skill      XL: |  1  2  3  4  5  6  7  8  9 10 11 12 13 |
---------------+----------------------------------------+-----
Axes           | 3 4 5 6 8 10 12 | 12.4
Fighting       | 4 5 6 7 8 9 10 | 10.8
Armour         | 4 5 6 7 8 9 11 | 11.4
Dodging        | 1 2 3 |  3.3
Shields        | 4 5 6 7 8 9 10 | 10.0
Maces & Flails | 1 9 12 14 | 14.8
Stealth        | 1 2 |  2.5
Unarmed Combat | 1 |  1.7
Evocations     | |  0.8

Action                     |  1- 3 |  4- 6 |  7- 9 | 10-12 | 13-15 || total
---------------------------+-------+-------+-------+-------+-------++-------
  Melee: War axe           |    96 |   198 |   296 |       |       ||   590
         Mace              |       |       |    45 |   524 |    15 ||   584
         Unarmed           |       |       |       |    13 |       ||    13
  Evoke: Wand              |       |       |     3 |       |     1 ||     4
    Use: Scroll            |     6 |     6 |    11 |     6 |     2 ||    31
         Potion            |       |     3 |     3 |       |     1 ||     7
   Stab: Distracted        |       |       |     1 |     6 |       ||     7
 Armour: Scale mail        |    32 |       |       |       |       ||    32
         Chain mail        |     8 |   120 |   189 |    52 |       ||   369
         Plate armour      |       |       |       |   203 |    25 ||   228
         Skin              |       |       |       |     3 |       ||     3
  Dodge: Dodged            |    88 |   177 |   332 |   479 |    12 ||  1088
  Block: Buckler           |    29 |    53 |    95 |   201 |     7 ||   385
